[Event "Netanya Open 2019"]
[Site "Netanya"]
[Date "2019.07.01"]
[Round "8.31"]
[White "Aroesti, Roee"]
[Black "Tsirilman, Guy"]
[Result "1/2-1/2"]
[ECO "B94"]
[WhiteElo "2230"]
[BlackElo "1798"]
[PlyCount "76"]
[EventDate "2019.06.23"]
[EventType "swiss"]
[EventRounds "9"]
[EventCountry "ISR"]
[TimeControl "40/5400+30:1800+30"]

1. e4 c5 2. Nf3 d6 3. d4 cxd4 4. Nxd4 Nf6 5. Nc3 a6 6. Bg5 Nbd7 7. f4 Qc7 8. Qf3 h6 9. Bh4 g5 10. fxg5 hxg5 11. Bxg5 Qc5 12. Be3 Ne5 13. Qe2 Neg4 14. Bg1 Bh6 15. h3 Bf4 16. Qf3 Qg5 17. g3 Bd2+ 18. Kd1 Ne5 19. Qg2 Be3 20. h4 Qh6 21. Be2 Bxg1 22. Qxg1 Bg4 23. Nf5 Bxf5 24. exf5 Neg4 25. Bxg4 Nxg4 26. Nd5 Rc8 27. Qd4 Ne5 28. Ne3 Rg8 29. g4 Rc5 30. c3 Nxg4 31. Nxg4 Rxg4 32. Qxg4 Rd5+ 33. Ke2 Qd2+ 34. Kf1 Qd3+ 35. Kg2 Qd2+ 36. Kf1 Qd3+ 37. Kg2 Qd2+ 38. Kf1 Qd3+ 1/2-1/2

[Event "Netanya Open 2019"]
[Site "Netanya"]
[Date "2019.07.01"]
[Round "8.32"]
[White "Mindlin, Alon"]
[Black "Zalkind, Konstantin"]
[Result "1/2-1/2"]
[WhiteElo "2454"]
[BlackElo "2116"]
[PlyCount "128"]
[EventDate "2019.06.23"]
[EventType "swiss"]
[EventRounds "9"]
[EventCountry "ISR"]
[TimeControl "40/5400+30:1800+30"]

1. d4 g6 2. c4 Bg7 3. e4 Nc6 4. Ne2 d6 5. Be3 Nf6 6. f3 a6 7. Nbc3 Rb8 8. Rc1 Bd7 9. d5 Na5 10. Ng3 c5 11. Qd2 b5 12. cxb5 axb5 13. b3 b4 14. Nd1 e6 15. dxe6 Bxe6 16. Be2 O-O 17. O-O Re8 18. Nb2 d5 19. e5 Nd7 20. f4 Qe7 21. f5 Bxf5 22. Nxf5 gxf5 23. Rxf5 Bxe5 24. Bh5 Bc3 25. Bxf7+ Qxf7 26. Qf2 Qe6 27. Rf3 Rf8 28. Rg3+ Kh8 29. Qe2 d4 30. Rxc3 Rbe8 31. Rxc5 dxe3 32. Rxa5 Nf6 33. Nc4 Qe4 34. h3 Qd4 35. Rf5 Ne4 36. Rxf8+ Rxf8 37. Rxe3 Nc3 38. Qh5 Qf4 39. Qe5+ Qxe5 40. Nxe5 Nxa2 41. Re4 Rb8 42. Rc4 Kg7 43. Rc7+ Kh6 44. h4 Re8 45. Ng4+ Kg6 46. h5+ Kf5 47. Rg7 Nc1 48. Nh6+ Kf6 49. Rb7 Nxb3 50. Rxb4 Nc5 51. Rb5 Ne6 52. g4 Rc8 53. g5+ Kg7 54. Nf5+ Kf8 55. Nd6 Rc5 56. Rxc5 Nxc5 57. Kh2 Ne6 58. Ne4 Kg7 59. Kg3 h6 60. g6 Nf8 61. Nd6 Nxg6 62. Nf5+ Kh7 63. hxg6+ Kxg6 64. Nxh6 Kxh6 1/2-1/2

[Event "Netanya Open 2019"]
[Site "Netanya"]
[Date "2019.07.01"]
[Round "8.33"]
[White "Shvayger, Yuliya"]
[Black "Nissim, Jonathan"]
[Result "0-1"]
[WhiteElo "2373"]
[BlackElo "2082"]
[PlyCount "80"]
[EventDate "2019.06.23"]
[EventType "swiss"]
[EventRounds "9"]
[EventCountry "ISR"]
[TimeControl "40/5400+30:1800+30"]

1. e4 c5 2. Nf3 g6 3. d4 cxd4 4. Nxd4 Bg7 5. Nc3 Nc6 6. Be3 Nf6 7. Bc4 O-O 8. Bb3 d6 9. f3 Bd7 10. Qd2 Rc8 11. Nxc6 Bxc6 12. O-O Nd7 13. Rad1 Nc5 14. Bd4 a5 15. Bxg7 Kxg7 16. Qd4+ Kg8 17. e5 Nxb3 18. axb3 dxe5 19. Qxe5 Qb6+ 20. Kh1 Qc7 21. Rfe1 Rfe8 22. Rd4 Qxe5 23. Rxe5 b6 24. Rc4 e6 25. b4 b5 26. Rf4 f6 27. Rxf6 axb4 28. Ne2 Bd5 29. Nd4 b3 30. c3 b4 31. c4 Rxc4 32. Ne2 Rc2 33. h4 Rf8 34. Rf4 Rxf4 35. Nxf4 Rxb2 36. Nxd5 exd5 37. Re8+ Kf7 38. Rb8 Rc2 39. Rxb4 b2 40. Kh2 d4 0-1

[Event "Netanya Open 2019"]
[Site "Netanya"]
[Date "2019.07.01"]
[Round "8.34"]
[White "Zhimalov, Adam"]
[Black "Iliaguev, Nisim"]
[Result "0-1"]
[WhiteElo "2044"]
[BlackElo "2375"]
[PlyCount "52"]
[EventDate "2019.06.23"]
[EventType "swiss"]
[EventRounds "9"]
[EventCountry "ISR"]
[TimeControl "40/5400+30:1800+30"]

1. d4 Nf6 2. c4 c5 3. d5 e6 4. Nc3 exd5 5. cxd5 d6 6. Nf3 g6 7. Bf4 Bg7 8. Qa4+ Bd7 9. Qb3 b5 10. Bxd6 Qb6 11. Be5 O-O 12. e3 c4 13. Qd1 Na6 14. Qd4 Nb4 15. O-O-O Rfe8 16. a3 Na6 17. Qxb6 axb6 18. Bd4 Nc5 19. Bxc5 bxc5 20. Rd2 b4 21. Nb1 Ne4 22. Bxc4 Nxd2 23. Nfxd2 bxa3 24. Nxa3 Reb8 25. Nb3 Rb4 26. Kc2 Rxa3 0-1

[Event "Netanya Open 2019"]
[Site "Netanya"]
[Date "2019.07.01"]
[Round "8.35"]
[White "Aleksikov, Oleksandr"]
[Black "Parnes, Nadav"]
[Result "1-0"]
[WhiteElo "2234"]
[BlackElo "2072"]
[PlyCount "77"]
[EventDate "2019.06.23"]
[EventType "swiss"]
[EventRounds "9"]
[EventCountry "ISR"]
[TimeControl "40/5400+30:1800+30"]

1. e4 d6 2. d4 Nf6 3. f3 Nbd7 4. c4 g6 5. Nc3 Bg7 6. Be3 O-O 7. Qd2 c5 8. d5 a6 9. a4 Qa5 10. Ra3 Ne5 11. Qc2 Ne8 12. f4 Ng4 13. Bd2 f5 14. h3 Ngf6 15. Bd3 Nh5 16. exf5 Bxf5 17. Bxf5 gxf5 18. g4 Nhf6 19. g5 Nd7 20. Nce2 Qb6 21. h4 Rb8 22. Rb3 Qc7 23. a5 Qc8 24. Rhh3 b5 25. axb6 Rxb6 26. Rhe3 Rf7 27. Rxb6 Nxb6 28. h5 Bd4 29. Rb3 Na4 30. Rg3 Nb6 31. Nf3 e5 32. dxe6 Qxe6 33. g6 Rg7 34. Ng5 Qxc4 35. gxh7+ Kh8 36. Qxf5 Nf6 37. Nxd4 Qxd4 38. Bc3 Re7+ 39. Ne6 1-0

[Event "Netanya Open 2019"]
[Site "Netanya"]
[Date "2019.07.01"]
[Round "8.36"]
[White "Gov, Guy"]
[Black "Axelrod, Arie"]
[Result "1/2-1/2"]
[WhiteElo "2006"]
[BlackElo "2224"]
[PlyCount "65"]
[EventDate "2019.06.23"]
[EventType "swiss"]
[EventRounds "9"]
[EventCountry "ISR"]
[TimeControl "40/5400+30:1800+30"]

1. Nf3 Nf6 2. b3 d5 3. Bb2 c5 4. e3 a6 5. Be2 Nc6 6. Ne5 Bd7 7. d3 d4 8. Nxd7 Qxd7 9. e4 e5 10. Bc1 Bd6 11. O-O O-O 12. Nd2 b5 13. a4 Bc7 14. Kh1 Ba5 15. g4 Bc3 16. Ra2 Nb4 17. Ra3 Qc6 18. g5 Nd7 19. f4 exf4 20. Nf3 Rac8 21. Nh4 g6 22. Bg4 Rc7 23. axb5 axb5 24. Bxf4 Bb2 25. Ra5 Rb7 26. Nf5 gxf5 27. Bxf5 Re8 28. Bxh7+ Kxh7 29. Qh5+ Kg8 30. Bd6 Nf8 31. Rf6 Ng6 32. Ra8 Rxa8 33. Rxg6+ 1/2-1/2

[Event "Netanya Open 2019"]
[Site "Netanya"]
[Date "2019.07.01"]
[Round "8.37"]
[White "Karp, Michael"]
[Black "Tsyn, Igor"]
[Result "0-1"]
[WhiteElo "2199"]
[BlackElo "2002"]
[PlyCount "96"]
[EventDate "2019.06.23"]
[EventType "swiss"]
[EventRounds "9"]
[EventCountry "ISR"]
[TimeControl "40/5400+30:1800+30"]

1. Nf3 Nf6 2. d4 g6 3. g3 Bg7 4. Bg2 O-O 5. c4 d5 6. cxd5 Nxd5 7. O-O Nc6 8. Nc3 Nb6 9. e3 e5 10. d5 Na5 11. Qc2 c6 12. b4 Nac4 13. dxc6 bxc6 14. Rb1 Qe7 15. Nd2 Bf5 16. Nce4 Nxd2 17. Bxd2 Rac8 18. Rbc1 Rfd8 19. Rfd1 Bf8 20. Qb2 Be6 21. Be1 Rxd1 22. Rxd1 Bd5 23. a3 Rd8 24. Qa1 Bg7 25. Qc1 f5 26. Nc5 Bxg2 27. Kxg2 Rxd1 28. Qxd1 e4 29. Qc2 Qf7 30. a4 Qc4 31. Qxc4+ Nxc4 32. Ne6 Bf6 33. Nc5 Kf7 34. Kf1 Be7 35. Nb3 Ke6 36. Bc3 Nb6 37. a5 Nd5 38. Bd4 a6 39. Nc5+ Bxc5 40. bxc5 Nb4 41. Ke2 Kd5 42. f3 Nd3 43. g4 Nxc5 44. gxf5 gxf5 45. fxe4+ fxe4 46. Kd1 Nb7 47. Bb6 c5 48. Bc7 Kc6 0-1

[Event "Netanya Open 2019"]
[Site "Netanya"]
[Date "2019.07.01"]
[Round "8.38"]
[White "Lifshits, Raz"]
[Black "Streltsov, Alexey"]
[Result "0-1"]
[WhiteElo "1749"]
[BlackElo "2170"]
[PlyCount "82"]
[EventDate "2019.06.23"]
[EventType "swiss"]
[EventRounds "9"]
[EventCountry "ISR"]
[TimeControl "40/5400+30:1800+30"]

1. e4 c5 2. Nf3 e6 3. c3 Nc6 4. d4 d5 5. exd5 exd5 6. Bb5 Bd6 7. dxc5 Bxc5 8. O-O Nf6 9. Bg5 Be6 10. Nd4 O-O 11. Nxc6 bxc6 12. Bxc6 Rb8 13. b4 Bd6 14. h3 Be5 15. Qd3 h6 16. Be3 Qc8 17. f4 Bf5 18. Qd2 Qxc6 19. fxe5 Ne4 20. Qe1 Qg6 21. Rf3 a5 22. Nd2 Nxc3 23. bxa5 Rb2 24. Bd4 Be4 25. Rg3 Qxg3 26. Qxg3 Ne2+ 27. Kh2 Rxd2 28. Qf2 Rc2 29. Be3 d4 30. Qh4 f5 31. Bf2 Kh7 32. Qe7 Rb8 33. Bh4 Nf4 34. Rg1 Rbb2 35. Bf6 Rxg2+ 36. Rxg2 Rxg2+ 37. Kh1 Rg3+ 38. Kh2 Rg2+ 39. Kh1 Nxh3 40. Bh4 f4 41. Qd7 Rf2# 0-1

[Event "Netanya Open 2019"]
[Site "Netanya"]
[Date "2019.07.01"]
[Round "8.39"]
[White "Gleizer, Mark"]
[Black "Vagman, Roy"]
[Result "1-0"]
[WhiteElo "2180"]
[BlackElo "1918"]
[PlyCount "75"]
[EventDate "2019.06.23"]
[EventType "swiss"]
[EventRounds "9"]
[EventCountry "ISR"]
[TimeControl "40/5400+30:1800+30"]

1. d4 Nf6 2. c4 g6 3. Nc3 d5 4. cxd5 Nxd5 5. Bd2 Nb6 6. Bf4 Bg7 7. e3 O-O 8. Rc1 Nc6 9. Nf3 e6 10. h4 Nd5 11. Bg3 Nf6 12. Nb5 Ne8 13. h5 a6 14. Nc3 Nf6 15. hxg6 hxg6 16. Bd3 Qe7 17. a3 Qd7 18. Qc2 Nd5 19. Ne4 Qe8 20. Neg5 Nde7 21. Nh7 Nf5 22. Bf4 e5 23. dxe5 Be6 24. Qc3 Rd8 25. Nxf8 Qxf8 26. Bxa6 Nce7 27. Bxb7 c6 28. Ba6 Nd5 29. Qc5 Qe8 30. Qxc6 Qf8 31. Qc5 Nfe7 32. O-O Qe8 33. Bg5 f6 34. exf6 Nxf6 35. Bc4 Bxc4 36. Qxc4+ Kh7 37. Qh4+ Kg8 38. Bxf6 1-0

[Event "Netanya Open 2019"]
[Site "Netanya"]
[Date "2019.07.01"]
[Round "8.40"]
[White "Kochavi, Ori"]
[Black "Shetah, Roi"]
[Result "1-0"]
[WhiteElo "2151"]
[BlackElo "1836"]
[PlyCount "107"]
[EventDate "2019.06.23"]
[EventType "swiss"]
[EventRounds "9"]
[EventCountry "ISR"]
[TimeControl "40/5400+30:1800+30"]

1. d4 Nf6 2. c4 e6 3. Nf3 d5 4. g3 Be7 5. Bg2 O-O 6. O-O dxc4 7. Ne5 Nc6 8. Nxc6 bxc6 9. Na3 Bxa3 10. bxa3 Ba6 11. Qd2 Rb8 12. Qa5 Rb6 13. a4 Qe7 14. Qc3 Rfb8 15. Ba3 Qd7 16. e4 Qc8 17. Rfd1 Nd7 18. e5 h6 19. a5 R6b7 20. Bxc6 Bb5 21. d5 exd5 22. Bxd5 c6 23. Be4 Nf8 24. Bd6 Ra8 25. a4 Ba6 26. Rab1 Ne6 27. h4 Rxb1 28. Rxb1 Qd7 29. Qf3 Nd4 30. Qe3 Nb3 31. Bc2 Qg4 32. Kg2 c5 33. Be4 Rc8 34. Bd5 Qf5 35. Rd1 Nd4 36. Bxc5 Rxc5 37. Qxd4 Qc8 38. Be4 g6 39. e6 Qxe6 40. Qxc5 Qxe4+ 41. Kh2 Bb7 42. Rg1 a6 43. Qe3 Qf5 44. Rd1 Kh7 45. Qf4 Qxf4 46. gxf4 Be4 47. Rd4 Bc2 48. Rxc4 Bd3 49. Rd4 Be2 50. Kg3 Kg7 51. f3 Bf1 52. Kf2 Bh3 53. Rd6 Bc8 54. Ke3 1-0

[Event "Netanya Open 2019"]
[Site "Netanya"]
[Date "2019.07.01"]
[Round "8.41"]
[White "Hasidovsky, Michael"]
[Black "Kushnir, Arie"]
[Result "1/2-1/2"]
[WhiteElo "2135"]
[BlackElo "1662"]
[PlyCount "46"]
[EventDate "2019.06.23"]
[EventType "swiss"]
[EventRounds "9"]
[EventCountry "ISR"]
[TimeControl "40/5400+30:1800+30"]

1. Nf3 d5 2. c4 dxc4 3. e3 Nc6 4. Bxc4 e5 5. Qb3 Nh6 6. d4 exd4 7. exd4 Qe7+ 8. Be3 Bd7 9. O-O Na5 10. Qc3 Nxc4 11. Qxc4 O-O-O 12. Nc3 Qb4 13. Qxb4 Bxb4 14. a3 Bxc3 15. bxc3 Nf5 16. Rfe1 f6 17. Nd2 Bc6 18. f3 h5 19. Bf2 h4 20. Rab1 b6 21. h3 Bb7 22. Nc4 g5 23. Ne3 Nxe3 1/2-1/2

[Event "Netanya Open 2019"]
[Site "Netanya"]
[Date "2019.07.01"]
[Round "8.42"]
[White "Levi, Netanel"]
[Black "Feldman, Antony"]
[Result "1/2-1/2"]
[WhiteElo "2138"]
[BlackElo "1972"]
[PlyCount "100"]
[EventDate "2019.06.23"]
[EventType "swiss"]
[EventRounds "9"]
[EventCountry "ISR"]
[TimeControl "40/5400+30:1800+30"]

1. e4 g6 2. d4 Bg7 3. Nf3 d6 4. Be2 c6 5. a4 Qc7 6. O-O Nd7 7. c3 Ngf6 8. Qc2 O-O 9. h3 b6 10. Na3 a6 11. Bf4 Bb7 12. e5 dxe5 13. Nxe5 Nd5 14. Nxd7 Nxf4 15. Nxf8 c5 16. f3 cxd4 17. Bd3 dxc3 18. bxc3 Rxf8 19. Be4 Bxe4 20. Qxe4 Nh5 21. Qc4 Qxc4 22. Nxc4 b5 23. axb5 axb5 24. Na3 Bxc3 25. Rad1 Ng3 26. Nxb5 Nxf1 27. Nxc3 Ng3 28. Rd7 e6 29. Kf2 Rc8 30. Nb5 Nf5 31. Rd2 Rc5 32. Rb2 h5 33. g4 hxg4 34. hxg4 Ne7 35. Nd6 Nd5 36. Rb8+ Kg7 37. Rb7 Rc6 38. Rxf7+ Kg8 39. Rd7 Nf6 40. Rd8+ Kg7 41. g5 Rc2+ 42. Ke3 Nd5+ 43. Kd4 Rf2 44. Rd7+ Kg8 45. Ke5 Rxf3 46. Kxe6 Nf4+ 47. Ke5 Nh3 48. Rd8+ Rf8 49. Rxf8+ Kxf8 50. Kf6 Nxg5 1/2-1/2

[Event "Netanya Open 2019"]
[Site "Netanya"]
[Date "2019.07.01"]
[Round "8.43"]
[White "Katkov, Michelle"]
[Black "Friedland, Eldar"]
[Result "0-1"]
[WhiteElo "2065"]
[BlackElo "1939"]
[PlyCount "54"]
[EventDate "2019.06.23"]
[EventType "swiss"]
[EventRounds "9"]
[EventCountry "ISR"]
[TimeControl "40/5400+30:1800+30"]

1. e4 c6 2. d4 d5 3. exd5 cxd5 4. c4 Nf6 5. Nc3 g6 6. Nf3 Bg7 7. Bg5 O-O 8. Bxf6 Bxf6 9. Nxd5 Bg7 10. Qd2 Nc6 11. O-O-O Bg4 12. Qf4 Bxf3 13. Qxf3 Qa5 14. Kb1 Rfd8 15. Qc3 Qa4 16. Be2 Rac8 17. Qe3 e6 18. Nc3 Qa5 19. d5 exd5 20. Rxd5 Qb4 21. Rb5 Qf8 22. Nd5 Re8 23. Qd2 Nd4 24. Bg4 f5 25. Rxb7 fxg4 26. Re1 Rxe1+ 27. Qxe1 Qf5+ 0-1

[Event "Netanya Open 2019"]
[Site "Netanya"]
[Date "2019.07.01"]
[Round "8.44"]
[White "Gorshtein, Asaf"]
[Black "Ehrlich, Roy"]
[Result "1-0"]
[WhiteElo "2109"]
[BlackElo "1938"]
[PlyCount "129"]
[EventDate "2019.06.23"]
[EventType "swiss"]
[EventRounds "9"]
[EventCountry "ISR"]
[TimeControl "40/5400+30:1800+30"]

1. e4 e6 2. d4 d5 3. Nd2 dxe4 4. Nxe4 Nd7 5. Nf3 Ngf6 6. Nxf6+ Nxf6 7. Bd3 Be7 8. O-O O-O 9. Ne5 c5 10. dxc5 Qc7 11. Bf4 Qxc5 12. Qf3 Nd7 13. Rfe1 Bf6 14. Qh5 h6 15. Bxh6 Nxe5 16. Bh7+ Kh8 17. Be3 Nf3+ 18. Qxf3 Qb4 19. Qh5 Qh4 20. Qxh4 Bxh4 21. Be4 Rd8 22. Rad1 Rxd1 23. Rxd1 f5 24. Bf3 Bf6 25. b3 e5 26. Bd5 f4 27. Bc5 a5 28. Be4 a4 29. b4 Kg8 30. Bd5+ Kh7 31. c4 Kg6 32. f3 Kh5 33. g3 g5 34. gxf4 gxf4 35. Kf2 Bh4+ 36. Ke2 Ra6 37. Rg1 Bg5 38. h4 Bf6 39. Rg8 Be6 40. Rb8 Kxh4 41. Rxb7 Bxd5 42. cxd5 Ra8 43. Ra7 Rg8 44. Rxa4 Kg3 45. Ra6 Bg5 46. Re6 Ra8 47. Rxe5 Rxa2+ 48. Kd3 Bd8 49. Re8 Bf6 50. d6 Ra1 51. Rf8 Bh4 52. b5 Kxf3 53. b6 Rb1 54. Kc4 Ke4 55. Re8+ Kf5 56. d7 f3 57. d8=Q Bxd8 58. Rxd8 Ke4 59. Re8+ Kf4 60. Kd5 Kg3 61. Rg8+ Kh2 62. Kc6 Kh1 63. b7 f2 64. Bxf2 Rd1 65. Rg1+ 1-0

[Event "Netanya Open 2019"]
[Site "Netanya"]
[Date "2019.07.01"]
[Round "8.45"]
[White "Noy, Eyal"]
[Black "Mizrahi, Ido"]
[Result "0-1"]
[WhiteElo "1858"]
[BlackElo "2101"]
[PlyCount "44"]
[EventDate "2019.06.23"]
[EventType "swiss"]
[EventRounds "9"]
[EventCountry "ISR"]
[TimeControl "40/5400+30:1800+30"]

1. e4 c6 2. d4 d5 3. Nd2 dxe4 4. Nxe4 Nf6 5. Nxf6+ exf6 6. Nf3 Bd6 7. Be2 O-O 8. O-O Re8 9. b3 Nd7 10. Bb2 Nf8 11. c4 Ng6 12. Re1 Qc7 13. Qd2 Bg4 14. h3 Bf5 15. Bd3 Qd7 16. Re3 Bf4 17. Rxe8+ Rxe8 18. Qc2 Bxh3 19. Bxg6 Qg4 20. Bxh7+ Kh8 21. Nh4 Qxh4 22. gxh3 Qxh3 0-1

[Event "Netanya Open 2019"]
[Site "Netanya"]
[Date "2019.07.01"]
[Round "8.46"]
[White "Sokolovsky, Yahli"]
[Black "Zaromb, Charles Irving"]
[Result "1-0"]
[WhiteElo "2054"]
[BlackElo "1738"]
[PlyCount "59"]
[EventDate "2019.06.23"]
[EventType "swiss"]
[EventRounds "9"]
[EventCountry "ISR"]
[TimeControl "40/5400+30:1800+30"]

1. e4 e6 2. d4 d5 3. e5 c5 4. c3 Nc6 5. Nf3 Nge7 6. Na3 cxd4 7. cxd4 Nf5 8. Nc2 Be7 9. Bd3 Bd7 10. O-O h5 11. Bd2 g5 12. Bc3 Qb6 13. Be2 g4 14. Nfe1 O-O-O 15. b4 a6 16. a4 Bxb4 17. Nxb4 Ncxd4 18. a5 Nxe2+ 19. Qxe2 Bb5 20. Ned3 Qc7 21. Rfc1 Kb8 22. Qb2 d4 23. Bxd4 Qd7 24. Bb6 Bxd3 25. Bxd8 Rxd8 26. Nc6+ Ka8 27. Nxd8 Qxd8 28. Qb6 Qb8 29. Rd1 Qxe5 30. Qd8+ 1-0

[Event "Netanya Open 2019"]
[Site "Netanya"]
[Date "2019.07.01"]
[Round "8.47"]
[White "Levin, Guy"]
[Black "Pravdivetz, Vladimir"]
[Result "1-0"]
[WhiteElo "2052"]
[BlackElo "1927"]
[PlyCount "103"]
[EventDate "2019.06.23"]
[EventType "swiss"]
[EventRounds "9"]
[EventCountry "ISR"]
[TimeControl "40/5400+30:1800+30"]

1. c4 e5 2. Nc3 a5 3. Nf3 Nc6 4. d3 g6 5. g3 Bg7 6. Bg2 Nge7 7. h4 h6 8. e4 d6 9. Be3 Bd7 10. Qd2 Nd4 11. Bxd4 exd4 12. Ne2 c5 13. Qc2 Nc6 14. Nf4 Rb8 15. Nd5 b5 16. Nd2 Nb4 17. Nxb4 axb4 18. a3 bxa3 19. Rxa3 b4 20. Ra2 Qb6 21. b3 Bc6 22. O-O O-O 23. Rfa1 Ra8 24. Rxa8 Rxa8 25. Rxa8+ Bxa8 26. h5 Qa7 27. hxg6 fxg6 28. Qd1 Bc6 29. Bh3 Bd7 30. Bxd7 Qxd7 31. Nf3 Bf6 32. Qa1 h5 33. Qa8+ Kg7 34. Qd5 Qe7 35. Kg2 Kh6 36. Ng1 g5 37. Qf5 g4 38. f3 gxf3+ 39. Kxf3 Qe5 40. Nh3 Qxf5+ 41. exf5 Be5 42. g4 hxg4+ 43. Kxg4 Bh2 44. Ng5 Kg7 45. Nf3 Be5 46. Kg5 Kf7 47. Nd2 Bh2 48. Ne4 Be5 49. f6 Bh2 50. Kf5 Be5 51. Ng5+ Kf8 52. Kg6 1-0

[Event "Netanya Open 2019"]
[Site "Netanya"]
[Date "2019.07.01"]
[Round "8.48"]
[White "Zilbershtein, Victor"]
[Black "Ben Ari, Yannay"]
[Result "0-1"]
[WhiteElo "1756"]
[BlackElo "2049"]
[PlyCount "120"]
[EventDate "2019.06.23"]
[EventType "swiss"]
[EventRounds "9"]
[EventCountry "ISR"]
[TimeControl "40/5400+30:1800+30"]

1. d4 f5 2. g3 Nf6 3. Bg2 e6 4. c4 d5 5. cxd5 exd5 6. Nf3 Bd6 7. e3 O-O 8. O-O c6 9. Nc3 Nbd7 10. a3 Ne4 11. Qb3 Kh8 12. Nh4 Qe8 13. Ne2 g5 14. Nf3 Qh5 15. Qd1 Rf6 16. h4 h6 17. b4 Nb6 18. Ne5 gxh4 19. gxh4 Qxh4 20. Nf4 Kh7 21. f3 Ng3 22. Rf2 Nh5 23. Nfd3 f4 24. Nxf4 Nxf4 25. exf4 Bf5 26. Ng4 Rg6 27. Bf1 Bxg4 28. fxg4 Qxg4+ 29. Qxg4 Rxg4+ 30. Rg2 Rag8 31. Raa2 Bxf4 32. Bxf4 Rxf4 33. Bd3+ Kh8 34. Rxg8+ Kxg8 35. Rg2+ Kf8 36. Rg6 Rxd4 37. Bf5 Rf4 38. Bh3 Rh4 39. Kg2 Kf7 40. Rd6 Rh5 41. Kg3 Rg5+ 42. Kf4 Rh5 43. Bg4 Rh4 44. Kg3 Rh1 45. Kg2 Ra1 46. Rxh6 Ra2+ 47. Kf1 Rxa3 48. Rh7+ Kf6 49. Rxb7 Ke5 50. Kf2 Ra4 51. Re7+ Kd4 52. Rc7 Rxb4 53. Rxc6 a5 54. Rc1 a4 55. Be2 a3 56. Ra1 Rb3 57. Ke1 Kc3 58. Kd1 Kb2 59. Rc1 a2 60. Rc2+ Ka3 0-1

[Event "Netanya Open 2019"]
[Site "Netanya"]
[Date "2019.07.01"]
[Round "8.49"]
[White "Cohen Revivo, Alon"]
[Black "Volkov, Yuri"]
[Result "1-0"]
[ECO "B20"]
[WhiteElo "2030"]
[BlackElo "1886"]
[PlyCount "155"]
[EventDate "2019.06.23"]
[EventType "swiss"]
[EventRounds "9"]
[EventCountry "ISR"]
[TimeControl "40/5400+30:1800+30"]

1. e4 c5 2. b3 Nc6 3. Bb2 d6 4. Bb5 Bd7 5. d3 a6 6. Bxc6 Bxc6 7. Ne2 e6 8. O-O d5 9. Nd2 Nf6 10. Ng3 Be7 11. f4 Qc7 12. Be5 Qb6 13. Qe2 O-O-O 14. c4 dxe4 15. dxe4 h5 16. Bxf6 Bxf6 17. e5 Be7 18. Nf3 g6 19. Ne4 Bxe4 20. Qxe4 Rd7 21. Qc2 Qc6 22. Rae1 Rhd8 23. Qe4 Qxe4 24. Rxe4 Kc7 25. Kf2 Rd1 26. Rxd1 Rxd1 27. Re1 Rd8 28. Ke2 b5 29. Rd1 Rb8 30. Rc1 Kc6 31. Kd3 Rd8+ 32. Kc2 Kb6 33. Kc3 Rd7 34. Rc2 Kc6 35. Rd2 Rb7 36. Rd3 bxc4 37. bxc4 Rb1 38. Kc2 Rg1 39. Rd1 Rxd1 40. Kxd1 Kb6 41. Kc2 Kc6 42. Kb3 f5 43. g3 Bd8 44. Ka4 Kb6 45. Nd2 Be7 46. Nb3 Bd8 47. Ka3 Be7 48. Kb2 Bd8 49. Kc2 Kc6 50. Kd3 Be7 51. Ke2 Bd8 52. Kf3 Be7 53. h3 Bd8 54. g4 hxg4+ 55. hxg4 g5 56. Nc1 gxf4 57. Kxf4 fxg4 58. Nd3 Ba5 59. Kxg4 Bc3 60. Kg5 Bd4 61. Kf6 Kd7 62. Nf4 Bf2 63. Nxe6 Bh4+ 64. Kf5 Bf2 65. Nf4 Bd4 66. Nd5 Kc6 67. Ke6 Bb2 68. Ne7+ Kc7 69. Kd5 Kd7 70. Nf5 Kc7 71. Ng3 Kb6 72. Ne4 a5 73. e6 Kc7 74. Nxc5 Bf6 75. a4 Be7 76. Nb3 Bb4 77. c5 Kd8 78. Nd4 1-0

[Event "Netanya Open 2019"]
[Site "Netanya"]
[Date "2019.07.01"]
[Round "8.50"]
[White "Zoabi, Jihad"]
[Black "Tartakovsky, Daniel"]
[Result "0-1"]
[WhiteElo "1788"]
[BlackElo "2021"]
[PlyCount "54"]
[EventDate "2019.06.23"]
[EventType "swiss"]
[EventRounds "9"]
[EventCountry "ISR"]
[TimeControl "40/5400+30:1800+30"]

1. e4 c5 2. Nf3 d6 3. Bb5+ Nd7 4. O-O a6 5. Bd3 Ngf6 6. Re1 b5 7. c4 Rb8 8. cxb5 axb5 9. a4 b4 10. Bf1 Bb7 11. d3 g6 12. Bf4 Bg7 13. Nbd2 Nh5 14. Bg5 h6 15. g4 hxg5 16. gxh5 Rxh5 17. Nc4 g4 18. Nfd2 Ne5 19. Be2 f5 20. a5 e6 21. Qb3 Qh4 22. Nf1 Nf3+ 23. Bxf3 gxf3 24. Nxd6+ Kd7 25. exf5 Bd5 26. Qa4+ Kxd6 27. fxe6 Bc6 0-1

[Event "Netanya Open 2019"]
[Site "Netanya"]
[Date "2019.07.01"]
[Round "8.51"]
[White "Sobel, Alon"]
[Black "Kharlamov, Igor"]
[Result "1-0"]
[WhiteElo "1704"]
[BlackElo "2019"]
[PlyCount "167"]
[EventDate "2019.06.23"]
[EventType "swiss"]
[EventRounds "9"]
[EventCountry "ISR"]
[TimeControl "40/5400+30:1800+30"]

1. d4 Nf6 2. c4 e6 3. Nc3 Bb4 4. Qc2 d5 5. cxd5 exd5 6. Nf3 O-O 7. Bg5 h6 8. Bh4 Qd6 9. e3 Ne4 10. Bd3 f5 11. O-O c6 12. a3 Ba5 13. Ne5 Nd7 14. Bxe4 fxe4 15. Bg3 Nxe5 16. Bxe5 Qe7 17. b4 Bc7 18. Bxc7 Qxc7 19. Nxd5 Qf7 20. Nc3 Bf5 21. Ne2 Rae8 22. Rac1 h5 23. Qc4 Be6 24. Qc5 Qg6 25. Nf4 Rxf4 26. exf4 Bd5 27. Qc2 Qg4 28. Qd1 Qxf4 29. Qxh5 Re6 30. Rc3 Rf6 31. Qh3 b5 32. Qg3 Qh6 33. Qb8+ Rf8 34. Qe5 Qd2 35. Rg3 Qh6 36. Qg5 Qxg5 37. Rxg5 a5 38. bxa5 Ra8 39. h4 Rxa5 40. Rg3 Ra4 41. Rd1 Rc4 42. Rd2 Kf7 43. Re3 Kf6 44. Kh2 Ra4 45. Kg3 Ra8 46. Kf4 Rh8 47. Rh3 Be6 48. Rh1 Ra8 49. Rc1 Bd5 50. Rc3 Rh8 51. g3 Rh5 52. Rdc2 Rf5+ 53. Ke3 Rf3+ 54. Ke2 Bc4+ 55. Rxc4 bxc4 56. Rxc4 Ke6 57. Rxc6+ Kd5 58. Rc7 g6 59. Rd7+ Ke6 60. Ra7 Rd3 61. Ra6+ Kf7 62. a4 Rxd4 63. Ke3 Rb4 64. a5 Ra4 65. g4 Kg7 66. Ra8 Kh7 67. a6 Kg7 68. a7 Kh7 69. h5 gxh5 70. gxh5 Kg7 71. h6+ Kh7 72. Kf4 e3+ 73. Kxe3 Ra3+ 74. Kd4 Ra1 75. f4 Rd1+ 76. Ke5 Re1+ 77. Kf6 Ra1 78. f5 Ra6+ 79. Kf7 Ra5 80. f6 Ra1 81. Ke6 Re1+ 82. Kd5 Rd1+ 83. Ke4 Rd7 84. Re8 1-0

[Event "Netanya Open 2019"]
[Site "Netanya"]
[Date "2019.07.01"]
[Round "8.52"]
[White "Kadosh, Lior"]
[Black "Iliaguev, Daniel"]
[Result "0-1"]
[WhiteElo "1649"]
[BlackElo "2007"]
[PlyCount "61"]
[EventDate "2019.06.23"]
[EventType "swiss"]
[EventRounds "9"]
[EventCountry "ISR"]
[TimeControl "40/5400+30:1800+30"]

1. e4 e6 2. d4 d5 3. Nc3 Bb4 4. exd5 exd5 5. Bd3 Nc6 6. Nge2 Nge7 7. Bg5 f6 8. Bf4 Bf5 9. Bxf5 Nxf5 10. Qd3 Qd7 11. O-O-O O-O-O 12. Kb1 Rhe8 13. g4 Bxc3 14. Nxc3 Nfxd4 15. Be3 Nf3 16. Nxd5 Qxg4 17. h3 Qe6 18. Qb3 Qe4 19. Nc3 Qf5 20. Nd5 b6 21. Nxc7 Rxd1+ 22. Rxd1 Kxc7 23. Bxb6+ Kb8 24. Qf7 Rc8 25. Rd7 Na5 26. Rc7 Nd2+ 27. Kc1 Ndc4 28. Bxa5 Qf4+ 29. Kb1 Rxc7 30. Bxc7+ Qxc7 31. a3 0-1

[Event "Netanya Open 2019"]
[Site "Netanya"]
[Date "2019.07.01"]
[Round "8.53"]
[White "Neeman, Gal"]
[Black "Uritsky, Yonathan"]
[Result "1/2-1/2"]
[WhiteElo "1661"]
[BlackElo "1981"]
[PlyCount "85"]
[EventDate "2019.06.23"]
[EventType "swiss"]
[EventRounds "9"]
[EventCountry "ISR"]
[TimeControl "40/5400+30:1800+30"]

1. e4 c5 2. Nf3 Nc6 3. d4 cxd4 4. Nxd4 Nf6 5. Nc3 e5 6. Ndb5 d6 7. Bg5 a6 8. Na3 b5 9. Bxf6 gxf6 10. Nd5 f5 11. c3 Bg7 12. Bd3 Be6 13. Qh5 f4 14. O-O Ne7 15. Qg5 Ng6 16. Qxd8+ Kxd8 17. Nc2 Ne7 18. a4 Nxd5 19. exd5 Bxd5 20. axb5 axb5 21. Rxa8+ Bxa8 22. Bxb5 Kc7 23. Bc4 d5 24. Be2 e4 25. Ra1 Rb8 26. Ra7+ Kd6 27. Ra6+ Ke7 28. Ra7+ Kd6 29. Ra6+ Kc7 30. Ra7+ Rb7 31. Rxa8 Rxb2 32. Bd1 Bxc3 33. Ra7+ Kb8 34. Ra1 Rxc2 35. Bxc2 Bxa1 36. Bb3 d4 37. Bxf7 d3 38. Bc4 Bd4 39. Kf1 Kc7 40. f3 d2 41. Be2 exf3 42. Bxf3 Kd6 43. Ke2 1/2-1/2